 Dungeon Crawl Stone Soup version 0.20.1-1-g8b1a95d (webtiles) character file.

256 polve the Cleaver (level 6, -3/51 HPs)
             Began as a Hill Orc Fighter on July 10, 2017.
             Slain by an iguana (10 damage)
             ... on level 4 of the Dungeon.
             The game lasted 00:02:36 (2964 turns).

polve the Cleaver (Hill Orc Fighter)                Turns: 2964, Time: 00:02:37

Health: -3/51      AC:  6    Str: 19    XL:     6   Next: 16%
Magic:  6/6        EV:  7    Int:  8    God:
Gold:   149        SH:  9    Dex: 12    Spells: 5/5 levels left

rFire    . . .     SeeInvis .   a - +0 war axe
rCold    . . .     Gourm    .   c - +0 shield
rNeg     . . .     Faith    .   b - +0 scale mail
rPois    .         Spirit   .   (no helmet)
rElec    .         Reflect  .   (no cloak)
rCorr    .         Harm     .   (no gloves)
MR       .....                  (no boots)
Stlth    ..........             (no amulet)
Regen    0.2/turn               (no ring)
MPRegen  0.1/turn               (no ring)

@: no status effects
A: no striking features
a: no special abilities


You were on level 4 of the Dungeon.
You were hungry.

You visited 1 branch of the dungeon, and saw 4 of its levels.

You collected 149 gold pieces.

Inventory:

Hand Weapons
 a - a +0 war axe (weapon)
Armour
 b - a +0 scale mail (worn)
 c - a +0 shield (worn)
 d - a +0 pair of gloves
 t - a +0 pair of boots
Jewellery
 x - a +6 ring of protection {unknown}
Scrolls
 g - 2 scrolls of teleportation {unknown}
 i - a scroll of amnesia {unknown}
 j - a scroll of magic mapping {unknown}
 k - a scroll of immolation {unknown}
 l - 2 scrolls of enchant weapon {unknown}
 m - a scroll of recharging {unknown}
 n - a scroll of remove curse {unknown}
 r - 2 scrolls of identify {unknown}
 v - 3 scrolls of fear {unknown}
Potions
 e - a potion of berserk rage {unknown}
 h - a potion of degeneration {unknown}
 p - a potion of brilliance {unknown}
 w - 2 potions of ambrosia {unknown}
Books
 s - a book of Minor Magic

   Spells                             Type                      Level
   a - Magic Dart                     Conjuration                  1
   b - Blink                          Translocation                2
   c - Call Imp                       Summoning                    2
   d - Slow                           Hexes                        2
   e - Conjure Flame                  Conjuration/Fire             3
   f - Mephitic Cloud                 Conjuration/Poison/Air       3
Comestibles
 f - 3 bread rations
 o - 2 royal jellies
 q - 2 meat rations
 u - a fruit


   Skills:
 - Level 3.6 Fighting
 + Level 8.3 Axes
 - Level 3.2 Armour
 - Level 3.2 Shields


You had 5 spell levels left.
You didn't know any spells.

Dungeon Overview and Level Annotations

Branches:
Dungeon (4/15)
 Temple: D:4-7

Altars:


Message History

* * * LOW HITPOINT WARNING * * *
You hit the iguana but do no damage.
The iguana is heavily wounded.
The iguana bites you.
* * * LOW HITPOINT WARNING * * *
You slash the iguana!
The iguana is almost dead.
The iguana barely misses you. You block the iguana's attack.
You hit the iguana.
The iguana is almost dead.
The iguana bites you!
* * * LOW HITPOINT WARNING * * *
You hit the iguana but do no damage.
The iguana is almost dead.
The iguana bites you.
* * * LOW HITPOINT WARNING * * *
You hit the iguana but do no damage.
The iguana is almost dead.
The iguana bites you!
You die...

### #.## ##. ###. #.
..###.###.# #...
..##.###..#.## ...#
#.#..###...## ##..#
#....###..##. #...#
#....##..... ##...#
##...##..... ###...l#
##..........#
#.....@####.....###..##
#.#####......##..#
#.... ##...####.##
#..#. #..## ##.# #..##
##.#####..# #..#
#........## #..#
....####..## #..#
#...## ##..# #..# ###.
##.####..#


You could see an iguana.

Vanquished Creatures
  The ghost of gobwax the Slasher, an amateur BaSk (D:3)
  7 gnolls
  2 adders
  4 worms
  4 leopard geckos
  2 orcs (D:3)
  4 giant cockroaches
  7 goblins
  6 hobgoblins
  10 jackals
  8 bats
  6 frilled lizards
  7 kobolds
  10 rats
78 creatures vanquished.

Notes
Turn   | Place    | Note
-------+----------+-------------------------------------------
     0 | D:1      | polve the Hill Orc Fighter began the quest for the Orb.
     0 | D:1      | Reached XP level 1. HP: 19/19 MP: 1/1
    31 | D:1      | Reached skill level 3 in Axes
   232 | D:1      | Reached XP level 2. HP: 23/26 MP: 2/2
   329 | D:1      | Reached skill level 4 in Axes
   581 | D:1      | Reached XP level 3. HP: 31/31 MP: 3/3
   845 | D:2      | Reached skill level 5 in Axes
   851 | D:2      | Reached XP level 4. HP: 16/39 MP: 4/4
  1184 | D:2      | Reached skill level 6 in Axes
  1927 | D:3      | Reached XP level 5. HP: 38/45 MP: 5/5
  2013 | D:3      | Noticed gobwax's ghost (amateur BaSk)
  2023 | D:3      | Killed gobwax's ghost
  2023 | D:3      | Reached skill level 7 in Axes
  2122 | D:3      | Reached skill level 8 in Axes
  2122 | D:3      | Reached XP level 6. HP: 36/51 MP: 6/6
  2964 | D:4      | Slain by an iguana

Skill      XL: |  1  2  3  4  5 |
---------------+----------------+-----
Axes           | 3 4 5 6 8 |  8.3
Fighting       | |  3.6
Armour         | |  3.2
Shields        | |  3.2

Action                   |  1- 3 |  4- 6 || total
-------------------------+-------+-------++-------
Melee: War axe           |    86 |   124 ||   210
  Use: Potion            |       |     1 ||     1
  Eat: Chunk             |       |     6 ||     6
Armor: Scale mail        |    30 |    49 ||    79
Dodge: Dodged            |    25 |    31 ||    56
Block: Shield            |    57 |    62 ||   119
